 Dungeon Crawl Stone Soup version 0.24-a0-528-g98e85ec (webtiles) character file.

Game seed: 13120086784728323720

164 sl00ts the Shield-Bearer (level 5, -3/42 HPs)
             Began as a Formicid Fighter on Aug 6, 2019.
             Killed by nerve-wracking pain
             ... invoked by Grinder
              (14 damage)
             ... on level 3 of the Dungeon.
             The game lasted 00:06:23 (2441 turns).

sl00ts the Shield-Bearer (Formicid Fighter)         Turns: 2441, Time: 00:06:23

Health: -3/42      AC:  8    Str: 21    XL:     5   Next: 73%
Magic:  5/5        EV: 13    Int:  8    God:
Gold:   198        SH: 10    Dex: 15    Spells: 4/4 levels left

rFire    . . .     SeeInvis +   a - +0 trident
rCold    . . .     Gourm    .   c - +0 shield
rNeg     . . .     Faith    .   b - +0 scale mail
rPois    .         Spirit   .   (helmet unavailable)
rElec    .         Reflect  .   (no cloak)
rCorr    .         Harm     .   g - +0 pair of gloves
MR       .....                  (no boots)
Stlth    +.........             (no amulet)
HPRegen  0.14/turn              (no ring)
MPRegen  0.09/turn              (no ring)

@: agile, starving
A: permanent stasis, dig shafts and tunnels, four strong arms, antennae 3
a: Dig, Shaft Self


You were on level 3 of the Dungeon.
You were starving.

You visited 1 branch of the dungeon, and saw 3 of its levels.

You collected 198 gold pieces.

Inventory:

Hand Weapons
 a - a +0 trident (weapon)
Armour
 b - a +0 scale mail (worn)
 c - a +0 shield (worn)
 g - a +0 pair of gloves (worn)
Scrolls
 e - a scroll of magic mapping {unknown}
 h - a scroll of blinking {unknown}
 i - 3 scrolls of remove curse {unknown}
 j - 2 scrolls of identify
 m - a scroll of fog {unknown}
 o - a scroll of noise {unknown}
 p - a scroll of enchant weapon {unknown}
 r - a scroll of teleportation {unknown}
Potions
 d - 2 potions of lignification {unknown}
 k - 3 potions of haste
 n - 3 potions of brilliance
 q - a potion of magic {unknown}
Comestibles
 f - 7 rations


   Skills:
 + Level 4.1 Fighting
 * Level 3.7 Polearms
 + Level 4.1 Armour
 + Level 4.6 Shields


You had 4 spell levels left.
You didn't know any spells.
Your spell library was empty.

Dungeon Overview and Level Annotations

Branches:
Dungeon (3/15)

Altars:
Ashenzari
Dithmenos
Gozag
Vehumet
Wu Jian

Annotations:
D:3 Grinder


Innate Abilities, Weirdness & Mutations

You cannot be hasted, slowed, berserked, paralysed or teleported.
You can dig through walls and to a lower floor.
Your four strong arms can wield two-handed weapons with a shield.
You have a pair of large antennae on your head. (SInv)


Message History

Attack whom?
Press: ? - help, Dir - move target cursor, f/p - Grinder
Aim: Grinder (severely wounded)
You hit Grinder but do no damage.
Grinder is severely wounded.
Grinder hits you.
* * * LOW HITPOINT WARNING * * *
You feel agile all of a sudden. Grinder barely misses you.
You hit Grinder.
Grinder is almost dead.
Grinder barely misses you.
You hit Grinder but do no damage.
Grinder is almost dead.
Grinder misses you.
You hit Grinder but do no damage.
Grinder is almost dead.
Grinder gestures at you. Pain shoots through your body!
You die...

............#
.(####.####.# .##
#.# #.# ## .# #.#
#.# .. .# #.# #.#
#####.### .#
#.####.#
##.....^.. .#
#......# #......#
#####..# #..#
#..# #รท@#
#####..###.5#
)........(.).#
######..###.#...#
#..# #.#.#....
#..# ..... #..
#..# .#.#.. .
#..... .####
###### ##


You could see Grinder.

Vanquished Creatures
  Terence (D:3)
  Natasha (D:2)
  4 adders
  A shadow imp (D:2)
  2 oozes
  2 worms (D:2)
  3 dart slugs
  4 leopard geckos
  A giant cockroach (D:3)
  5 goblins
  4 hobgoblins
  3 jackals (D:1)
  6 kobolds
  A quokka (D:3)
  3 bats
  3 frilled lizards
  9 rats
53 creatures vanquished.

Notes
Turn   | Place    | Note
-------+----------+-------------------------------------------
     0 | D:1      | sl00ts the Formicid Fighter began the quest for the Orb.
     0 | D:1      | Reached XP level 1. HP: 18/18 MP: 1/1
    37 | D:1      | Reached XP level 2. HP: 21/24 MP: 2/2
   148 | D:1      | Reached XP level 3. HP: 25/29 MP: 3/3
   902 | D:2      | Found a shadowy altar of Dithmenos.
   902 | D:2      | Found a shattered altar of Ashenzari.
   969 | D:2      | Found an opulent altar of Gozag.
   971 | D:2      | Found an ornate altar of the Wu Jian Council.
  1029 | D:2      | Noticed Natasha
  1040 | D:2      | Killed Natasha
  1040 | D:2      | Reached XP level 4. HP: 37/37 MP: 4/4
  1555 | D:2      | Found a radiant altar of Vehumet.
  1664 | D:3      | Reached XP level 5. HP: 42/42 MP: 5/5
  1908 | D:3      | Noticed Terence
  1928 | D:3      | Killed Terence
  2417 | D:3      | Noticed Grinder
  2441 | D:3      | Killed from afar by Grinder

Levels and vault maps discovered:
D:1:      dpeg_arrival_ratfight, layout_rooms
D:2:      layout_loops_corners, nicolae_overflow_hidden_temple, uniq_natasha
D:3:      lemuel_upstairs_altar, layout_loops_ring, uniq_sigmund, uniq_terence,
          uniq_grinder

Skill      XL: |  1  2  3  4  5 |
---------------+----------------+-----
Shields        | 4 |  4.6
Polearms       | 3 |  3.7
Fighting       | 4 |  4.1
Armour         | 4 |  4.1

Action                   |  1- 3 |  4- 6 || total
-------------------------+-------+-------++-------
Melee: Trident           |    92 |   116 ||   208
  Use: Scroll            |       |     3 ||     3
       Potion            |       |     2 ||     2
  Eat: Chunk             |       |     3 ||     3
Armor: Scale mail        |    29 |    46 ||    75
Dodge: Dodged            |    22 |    39 ||    61
Block: Shield            |    34 |    57 ||    91

Table legend:
 A = Non-vault XP
 B = Vault XP
 C = Vault XP percentage of total XP
 D = Non-vault monster count
 E = Vault monster count
 F = Vault count percentage of total count
                 A         B        C        D         E       F
            +---------+---------+-------+---------+---------+-------
      Total |     159 |      76 |  32.3 |      46 |       7 |  13.2
            +---------+---------+-------+---------+---------+-------
        D:1 |      37 |       5 |  11.9 |      18 |       5 |  21.7
        D:2 |      53 |      35 |  39.8 |      14 |       1 |   6.7
        D:3 |      69 |      36 |  34.3 |      14 |       1 |   6.7
            +---------+---------+-------+---------+---------+-------
